Map: Acid Plant LE

Players

Neeb - Winner!

  • Race: Protoss Protoss
  • Spawn Location: 5:00

Cyan

  • Race: Protoss Protoss
  • Spawn Location: 11:00

Event: WCS Montreal 2018

VOD

Have the link to the VOD?

Description

Time

  • Played on: Sept. 7, 2018, 8:16 p.m.
  • Length: 6:33

All games in this series

Show
View Real Time Build Order
Export as new Build Order

Neeb Protoss - Winner!

Build Orders: Oracle Opening 

Get SALT Encoding   

  12  0:00  Probe  
  13  0:13  Probe  
  14  0:17  Pylon  
  14  0:24  Probe  
  15  0:32  Probe  
  15  0:38  Gateway  
  15  0:42  Assimilator, Probe  
  17  0:53  Probe  
  17  0:56  Assimilator  
  18  1:01  Probe  
  18  1:09  Probe  
  18  1:10  Gateway  
  20  1:20  Probe  
  21  1:26  Cybernetics Core  
  21  1:32  Probe  
  21  1:37  Pylon  
  22  1:45  Probe  
  23  1:57  Probe  
  24  2:07  Stalker x2  
  24  2:08  Warp Gate  
  27  2:18  Stargate  
  27  2:23  Pylon  
  27  2:25  Probe  
  28  2:37  Adept  
  28  2:41  Adept  
  32  2:52  Oracle  
  34  3:16  Nexus  
  34  3:21  Oracle  
  34  3:26  Shield Battery  
  34  3:33  Probe  
  38  3:40  Pylon  
  38  3:45  Probe  
  39  3:52  Shield Battery  
  39  4:03  Probe  
  40  4:10  Twilight Council  
  40  4:15  Probe  
  40  4:16  Blink  
  41  4:19  Stalker, Sentry  
  43  4:27  Probe  
  43  4:29  Probe  
  43  4:39  Probe  
  43  4:41  Probe  
  45  4:51  Stalker, Probe  
  48  4:53  Probe  
  48  4:54  Stalker  
  51  5:03  Probe  
  51  5:05  Probe  
  53  5:10  Gateway  
  53  5:14  Gateway  
  53  5:15  Probe  
  53  5:17  Probe  
  55  5:25  Pylon  
  55  5:27  Probe  
  56  5:31  Pylon, Probe  
  56  5:34  Pylon  
  57  5:37  Assimilator  
  57  5:39  Stalker  
  57  5:41  Stalker  
  61  5:48  Shield Battery x2  
  61  6:02  Probe x2  
  63  6:05  Stalker x2  
  63  6:09  Stalker x2  
  71  6:14  Probe  
  71  6:17  Probe  
  53  6:28  Stalker  
Show
View Real Time Build Order
Export as new Build Order

Cyan Protoss 

Build Orders:  

Get SALT Encoding   

  12  0:00  Probe  
  13  0:12  Probe  
  14  0:17  Pylon  
  14  0:24  Probe  
  15  0:32  Probe  
  15  0:37  Gateway  
  15  0:40  Probe  
  16  0:46  Assimilator  
  17  0:50  Probe  
  17  0:54  Assimilator  
  18  0:58  Probe  
  19  1:06  Probe  
  20  1:13  Gateway  
  20  1:17  Probe  
  20  1:24  Cybernetics Core  
  21  1:33  Pylon, Probe  
  22  1:45  Probe  
  23  1:53  Warp Gate  
  23  1:57  Probe  
  24  2:02  Stalker x2  
  24  2:08  Pylon  
  28  2:13  Probe  
  28  2:32  Stalker x2  
  32  2:59  Nexus  
  32  3:05  Adept  
  34  3:06  Adept  
  36  3:21  Shield Battery  
  36  3:25  Pylon  
  37  3:32  Robotics Facility  
  36  3:38  Probe  
  37  3:50  Probe  
  38  3:56  Stalker x2  
  38  4:02  Probe  
  39  4:09  Probe  
  39  4:10  Probe  
  40  4:24  Probe x2  
  40  4:29  Stalker  
  40  4:31  Observer  
  45  4:36  Probe  
  45  4:37  Probe  
  45  4:38  Stalker  
  45  4:45  Probe  
  44  4:48  Probe  
  46  4:55  Probe  
  46  4:58  Warp Prism  
  48  5:09  Sentry  
  48  5:11  Sentry  
  52  5:18  Pylon  
  52  5:32  Sentry  
  52  5:35  Sentry  
  56  5:36  Observer  
  56  5:37  Probe x2  
  56  5:39  Observer  
  59  5:49  Probe x2  
  61  6:01  Stalker, Sentry  
  61  6:03  Probe x2  
Tags
 
Add a new tag
Caveats
  • Supply blocks, unpowered buildings, or Contaminate may cause inaccurate times.
  • Supply counts are checked every 10 seconds.